Map: Miner Evacuation

Players

OmegaPlus

  • Race: Protoss Protoss
  • Spawn Location: 7:00

Odin

  • Race: Protoss Protoss
  • League: Gold
  • Spawn Location: 7:00

VOD

Have the link to the VOD?

Description

Time

  • Played on: Aug. 6, 2018, 4:41 a.m.
  • Length: 23:10
Show
View Real Time Build Order
Export as new Build Order

OmegaPlus Protoss 

Build Orders:  

Get SALT Encoding   

  12  0:30  Pylon  
  12  0:34  Assimilator  
  12  0:40  Assimilator  
  12  1:00  Probe (Chrono Boost)  
  13  1:12  Probe (Chrono Boost)  
  14  1:21  Pylon  
  14  2:03  Probe (Chrono Boost)  
  15  2:15  Probe (Chrono Boost)  
  15  2:17  Gateway  
  16  2:25  Forge  
  16  2:28  Probe (Chrono Boost)  
  17  2:41  Probe (Chrono Boost)  
  18  2:53  Probe (Chrono Boost)  
  19  3:05  Probe (Chrono Boost)  
  20  3:12  Enhanced Targeting  
  20  3:27  Solar Efficiency Level 1  
  20  3:28  Pylon  
  20  3:34  Cybernetics Core  
  20  3:49  Advanced Repair Systems  
  20  4:04  Probe (Chrono Boost)  
  20  4:09  Warp Gate  
  21  4:14  Energizer  
  21  4:16  Probe (Chrono Boost)  
  24  4:37  Probe (Chrono Boost)  
  25  4:42  Fortification Barrier  
  25  4:53  Probe (Chrono Boost)  
  25  4:56  Probe (Chrono Boost)  
  25  4:58  Pylon  
  27  5:33  Protoss Shields Level 1  
  27  6:23  Pylon  
  27  6:25  Photon Cannon  
  25  6:30  Energizer  
  25  6:34  Shield Battery  
  25  6:39  Photon Cannon  
  24  7:36  Gateway  
  24  7:46  Twilight Council  
  24  7:51  Probe (Chrono Boost)  
  24  7:55  Energizer  
  27  8:06  Probe (Chrono Boost)  
  28  8:20  Solar Flare  
  28  8:21  Probe (Chrono Boost)  
  29  8:34  Energizer  
  29  8:35  Probe (Chrono Boost)  
  32  8:50  Probe (Chrono Boost)  
  33  9:10  Optimized Ordinance  
  33  9:12  Pylon  
  33  9:16  Photon Cannon  
  33  9:21  Photon Cannon  
  33  9:23  Shield Battery  
  33  9:31  Photon Cannon  
  33  9:33  Energizer  
  33  9:44  Photon Cannon  
  33  9:48  Shield Battery  
  33  9:50  Shield Battery  
  33  9:52  Shield Battery  
  33  10:15  Photon Cannon  
  33  10:33  Shield Battery  
  33  10:35  Shield Battery  
  33  10:37  Shield Battery  
  33  10:42  Photon Cannon  
  33  10:46  Photon Cannon  
  33  10:57  Shield Battery  
  33  10:59  Protoss Ground Armor Level 1  
  33  11:02  Rapid Recharging  
  33  11:43  Photon Cannon  
  33  11:57  Shield Battery  
  33  12:11  Shield Battery  
  33  12:25  Shield Battery  
  33  12:30  Photon Cannon  
  33  12:46  Energizer, Reclamation  
  33  12:55  Solar Efficiency Level 2  
  33  13:21  Nexus  
  33  13:26  Energizer  
  33  13:27  Energizer  
  37  13:46  Pylon  
  37  13:58  Robotics Facility  
  37  14:06  Assimilator  
  37  14:08  Assimilator  
  37  14:15  Pylon  
  37  14:27  Energizer  
  39  14:36  Probe (Chrono Boost)  
  39  14:39  Probe (Chrono Boost)  
  39  14:46  Probe (Chrono Boost)  
  42  15:01  Probe (Chrono Boost)  
  42  15:05  Immortal  
  43  15:14  Pylon  
  43  15:16  Probe (Chrono Boost)  
  43  15:17  Pylon  
  48  15:30  Probe (Chrono Boost)  
  49  15:45  Probe (Chrono Boost)  
  50  15:50  Probe (Chrono Boost)  
  51  16:02  Probe (Chrono Boost)  
  52  16:12  Pylon  
  47  17:14  Shield Battery  
  47  17:18  Photon Cannon  
  47  17:29  Photon Cannon  
  47  17:35  Photon Cannon  
  47  17:36  Energizer  
  49  17:41  Shield Battery  
  49  17:42  Shield Battery  
  49  18:09  Shield Battery  
  49  18:12  Shield Battery  
  49  18:20  Photon Cannon  
  49  18:35  Photon Cannon  
  49  18:47  Energizer  
  40  19:53  Energizer  
  40  19:58  Immortal  
  46  20:16  Gateway  
  46  20:20  Nexus, Gateway  
  46  20:21  Gateway  
  46  20:30  Gateway  
  46  20:42  Energizer  
  46  20:44  Robotics Bay  
  46  20:46  Energizer  
  46  20:47  Energizer  
  46  20:49  Observer  
  49  21:34  Energizer  
  47  21:54  Energizer  
  45  22:01  Energizer  
  45  22:02  Energizer  
  43  22:20  Probe (Chrono Boost)  
  40  22:32  Probe (Chrono Boost)  
  38  22:45  Probe (Chrono Boost)  
Show
View Real Time Build Order
Export as new Build Order

Odin Protoss 

Build Orders:  

Get SALT Encoding   

  12  0:01  Probe (Chrono Boost)  
  13  0:21  Assimilator  
  13  0:30  Pylon  
  13  1:02  Robotics Facility  
  13  1:08  Probe (Chrono Boost)  
  14  1:20  Probe (Chrono Boost)  
  15  1:32  Probe (Chrono Boost)  
  15  1:35  Assimilator  
  16  1:44  Probe (Chrono Boost)  
  17  1:56  Probe (Chrono Boost)  
  18  2:02  Immortal  
  18  2:04  Taldarin's A.I. Personality  
  18  2:08  Probe (Chrono Boost)  
  23  2:20  Probe (Chrono Boost)  
  24  2:30  Robotics Bay  
  24  2:34  Probe (Chrono Boost)  
  25  3:01  Observer  
  26  3:13  Stargate  
  26  3:18  Pylon  
  26  3:28  Stargate  
  26  3:31  Colossus  
  26  3:36  Warbringer's A.I. Personality  
  32  4:29  Scout  
  31  4:30  Scout  
  37  4:42  Fleet Beacon  
  37  6:19  Carrier x2  
  31  6:31  Graviton Catapult, Clolarion's A.I. Personality  
  33  7:06  Probe (Chrono Boost)  
  34  7:12  Extended Thermal Lance  
  34  7:18  Probe (Chrono Boost)  
  34  7:23  Mojo's A.I. Personality  
  35  7:30  Probe (Chrono Boost)  
  36  7:42  Probe (Chrono Boost)  
  37  7:51  Immortal  
  37  7:54  Carrier, Probe (Chrono Boost)  
  42  8:06  Probe (Chrono Boost)  
  43  8:10  Carrier  
  43  8:18  Probe (Chrono Boost)  
  50  8:30  Probe (Chrono Boost)  
  51  8:47  Pylon x2  
  51  9:09  Probe (Chrono Boost)  
  52  9:35  Scout  
  58  9:50  Probe (Chrono Boost)  
  58  9:53  Probe (Chrono Boost)  
  58  9:55  Probe (Chrono Boost)  
  58  9:57  Probe (Chrono Boost)  
  58  10:09  Probe (Chrono Boost)  
  66  10:37  Pylon x2  
  66  10:41  Pylon  
  66  10:42  Pylon  
  66  12:38  Carrier x2  
  66  12:50  Colossus  
  78  13:07  Nexus  
  84  13:10  Forge  
  84  13:11  Assimilator, Forge  
  84  13:12  Pylon  
  84  13:13  Assimilator  
  84  13:17  Photon Cannon  
  84  13:23  Photon Cannon  
  84  13:25  Photon Cannon  
  84  13:32  Pylon, Forge  
  84  13:35  Pylon  
  84  13:38  Cybernetics Core x2  
  84  14:28  Nexus  
  84  14:43  Carrier  
  84  14:44  Carrier  
  84  14:53  Purifier Armaments  
  84  14:54  Observation Protocol  
  96  15:59  Probe (Chrono Boost)  
  97  16:11  Probe (Chrono Boost)  
  94  16:23  Probe (Chrono Boost)  
  95  16:35  Probe (Chrono Boost)  
  96  16:44  Carrier x2  
  96  16:47  Probe (Chrono Boost)  
  97  16:53  Colossus  
  115  17:28  Probe x2 (Chrono Boost)  
  117  17:40  Probe x2 (Chrono Boost)  
  117  17:49  Interdictors  
  119  17:52  Probe x2 (Chrono Boost)  
  121  18:01  Immortal  
  121  18:04  Probe x2 (Chrono Boost)  
  127  18:16  Probe x2 (Chrono Boost)  
  129  18:23  Immortal  
  129  18:30  Combat Sensor Array  
  116  18:53  Observer  
  119  19:09  Nexus  
  119  19:13  Suppression Procedure  
  120  20:06  Purification Blast  
  120  21:24  Gravimetric Overload  
Tags
 
Commander
FenixKarax
League
Gold
Matchup
Co-op
Replay Pack
Co-op Missions
Add a new tag
Caveats
  • Supply blocks, unpowered buildings, or Contaminate may cause inaccurate times.
  • Supply counts are checked every 10 seconds.